 Dungeon Crawl Stone Soup version 0.20.1-1-g8b1a95d (webtiles) character file.

879 JeffiDaFish the Shield-Bearer (level 8, -3/48 HPs)
             Began as a Gargoyle Fighter on Aug 25, 2017.
             Was an Initiate of Okawaru.
             Slain by suicidejoker's ghost (4 damage)
             ... on level 5 of the Dungeon.
             The game lasted 00:14:04 (4753 turns).

JeffiDaFish the Shield-Bearer (Gargoyle Fighter)    Turns: 4753, Time: 00:14:04

Health: -3/48      AC: 13    Str: 25    XL:     8   Next: 5%
Magic:  7/7        EV: 14    Int:  9    God:    Okawaru [......]
Gold:   169        SH: 12    Dex: 16    Spells: 7/7 levels left

rFire    . . .     SeeInvis +   a - +0 flail
rCold    . . .     Gourm    .   c - +1 shield
rNeg     + . .     Faith    .   b - +0 scale mail
rPois    ∞         Spirit   .   (helmet restricted)
rElec    +         Reflect  .   (no cloak)
rCorr    .         Harm     .   n - +0 pair of gloves
MR       .....                  (no boots)
Stlth    +.........             (no amulet)
Regen    0.2/turn               m - ring of see invisible
MPRegen  0.1/turn               q - +5 ring of strength

@: agile, berserk cooldown, slowed, very slow
A: antennae 1, low mp 1, negative energy resistance 1, sense surroundings 2,
electricity resistance, unbreathing, petrification resistance, rot immunity, AC
+5
a: Renounce Religion


You were on level 5 of the Dungeon.
You worshipped Okawaru.
Okawaru was noncommittal.
You were very hungry.

You visited 2 branches of the dungeon, and saw 6 of its levels.
You also visited: Sewer.

You collected 169 gold pieces.

Inventory:

Hand Weapons
 a - a +0 flail (weapon)
Armour
 b - a +0 scale mail (worn)
 c - a +1 shield (worn)
 n - a +0 pair of gloves (worn)
Jewellery
 h - an uncursed ring of protection from magic
 m - a ring of see invisible (left hand)
 q - a +5 ring of strength (right hand)
Scrolls
 e - 2 scrolls of identify
 j - a scroll of fog
 k - 3 scrolls of teleportation
 o - 3 scrolls of remove curse
 p - a scroll of blinking
 t - a scroll of fear
Potions
 i - 2 potions of curing
Comestibles
 f - 4 bread rations
 g - 2 royal jellies
 l - 5 fruits
 s - a meat ration


   Skills:
 + Level 4.7 Fighting
 + Level 5.1 Maces & Flails
 + Level 5.2 Armour
 + Level 1.7 Dodging
 + Level 0.5 Stealth
 + Level 6.3 Shields


You had 7 spell levels left.
You didn't know any spells.

Dungeon Overview and Level Annotations

Branches:
Dungeon (5/15)             Temple (1/1) D:4

Altars:
Cheibriados
Dithmenos
Elyvilon
Okawaru
Trog
Uskayaw
Yredelemnul
Zin

Annotations:
D:5 suicidejoker's ghost, novice GrFi


Innate Abilities, Weirdness & Mutations

You are resistant to torment.
Your stone body is resilient. (AC +5)
You are immune to poison.
You resist negative energy. (rN+)
You are resistant to electric shocks. (rElec)
You can survive without breathing.
You are immune to petrification.
You are immune to rotting.
You have a pair of small antennae on your head.
Your magical capacity is low. (-10% MP)
You passively map the area around you.


Message History

You block suicidejoker's ghost's attack. x2
You hit suicidejoker's ghost but do no damage.
Suicidejoker's ghost is almost destroyed.
Suicidejoker's ghost hits you.
You block suicidejoker's ghost's attack.
You closely miss suicidejoker's ghost.
Suicidejoker's ghost is almost destroyed.
You are feeling very hungry.
You block suicidejoker's ghost's attack.
Suicidejoker's ghost hits you.
* * * LOW HITPOINT WARNING * * *
x2 You hit suicidejoker's ghost but do no damage.
Suicidejoker's ghost is almost destroyed.
You block suicidejoker's ghost's attack.
Your shield prevents you from hitting suicidejoker's ghost.
Suicidejoker's ghost is almost destroyed.
You block suicidejoker's ghost's attack.
Suicidejoker's ghost hits you!
* * * LOW HITPOINT WARNING * * *
You die...

#....'..# ,
#....#..# , ,, , ,
##..##..# ,, * *
###..##..## ** * ,
..........#, , *
..........# ,, ,,
,.#######..## , **
.##...##†.##... *
,......W@.........
,
......#..........
,
*+##.#*##..##....#
# *##+#*##### , *
*, , , , , ,, , ,
,, ,, , ,, , , ,,,
, , , , ,, * **


You could see suicidejoker's ghost.

Vanquished Creatures
  The ghost of nihilbilly the Skirmisher, an amateur HOFi (D:4)
  Purgy (Sewer)
  An ogre (D:4)
  A big kobold (D:4)
  A scorpion (D:4)
  A centaur skeleton (D:4)
  An orc priest (D:3)
  An orc wizard (D:4)
  An iguana (D:4)
  4 worker ants
  Robin (D:4)
  A gnoll (D:1)
  10 adders
  An ooze (D:4)
  5 worms
  3 dart slugs
  2 leopard geckos
  24 orcs
  13 giant cockroaches
  18 goblins
  8 hobgoblins
  2 jackals (D:4)
  5 quokkas
  A ball python (D:4)
  12 bats
  3 frilled lizards (D:1)
  A jackal skeleton (D:4)
  13 kobolds
  7 rats
143 creatures vanquished.

Vanquished Creatures (others)
  A plant (D:4)
1 creature vanquished.

Grand Total: 144 creatures vanquished

Notes
Turn   | Place    | Note
-------+----------+-------------------------------------------
     0 | D:1      | JeffiDaFish the Gargoyle Fighter began the quest for the Orb.
     0 | D:1      | Reached XP level 1. HP: 14/14 MP: 1/1
   165 | D:1      | Reached XP level 2. HP: 19/19 MP: 2/2
   351 | D:1      | Reached XP level 3. HP: 23/23 MP: 3/3
  1396 | D:2      | Reached XP level 4. HP: 29/29 MP: 4/4
  1513 | D:2      | Found a basalt altar of Yredelemnul.
  1674 | D:2      | Found a white marble altar of Elyvilon.
  1707 | D:2      | Reached skill level 4 in Shields
  1938 | D:3      | Found a glowing drain.
  1977 | Sewer    | Entered a sewer
  1994 | Sewer    | Noticed Purgy
  2001 | Sewer    | Killed Purgy
  2001 | Sewer    | Reached skill level 1 in Dodging
  2001 | Sewer    | Reached XP level 5. HP: 29/33 MP: 5/5
  2045 | Sewer    | Gained mutation: You have a pair of small antennae on your head. [potion of mutation]
  2045 | Sewer    | Gained mutation: You passively map a small area around you. [potion of mutation]
  2045 | Sewer    | Gained mutation: Your magical capacity is low. (-10% MP) [potion of mutation]
  2045 | Sewer    | Gained mutation: You passively map the area around you. [potion of mutation]
  2333 | D:3      | Reached skill level 5 in Shields
  2333 | D:3      | Reached XP level 6. HP: 20/38 MP: 5/5
  2521 | D:3      | Found a faded altar of an unknown god.
  3075 | D:4      | Noticed nihilbilly's ghost (amateur HOFi)
  3081 | D:4      | Noticed Robin
  3100 | D:4      | Killed nihilbilly's ghost
  3100 | D:4      | Reached XP level 7. HP: 19/44 MP: 6/6
  3132 | D:4      | Killed Robin
  3484 | D:4      | Found a staircase to the Ecumenical Temple.
  3664 | Temple   | Entered the Ecumenical Temple
  3675 | Temple   | Became a worshipper of Warmaster Okawaru
  4171 | D:4      | Reached skill level 6 in Shields
  4204 | D:4      | Reached skill level 5 in Maces & Flails
  4204 | D:4      | Reached skill level 5 in Armour
  4473 | D:4      | Reached XP level 8. HP: 47/48 MP: 7/7
  4614 | D:5      | Entered Level 5 of the Dungeon
  4729 | D:5      | Noticed suicidejoker's ghost (novice GrFi)
  4753 | D:5      | HP: 1/48 [suicidejoker's ghost (12)]
  4753 | D:5      | Slain by suicidejoker's ghost

Skill      XL: |  1  2  3  4  5  6  7 |
---------------+----------------------+-----
Shields        | 4 5 6 |  6.3
Fighting       | 4 |  4.7
Maces & Flails | 3 4 5 |  5.1
Armour         | 4 5 |  5.2
Dodging        | 1 |  1.7
Stealth        | |  0.5

Action                   |  1- 3 |  4- 6 |  7- 9 || total
-------------------------+-------+-------+-------++-------
Melee: Flail             |   108 |   300 |   245 ||   653
  Use: Scroll            |     7 |     4 |     2 ||    13
       Potion            |     4 |     6 |     6 ||    16
  Eat: Chunk             |       |     8 |     5 ||    13
Armor: Scale mail        |    58 |   187 |    89 ||   334
Dodge: Dodged            |    38 |   104 |    57 ||   199
Block: Shield            |    64 |   244 |   133 ||   441
